 Dungeon Crawl Stone Soup version 0.25-a0-1119-g28b6fd0c3b (webtiles) character file.

Game seed: 5192576094469957288, levelgen mode: deterministic

216 funkygono the Covered (level 5, -4/47 HPs)
             Began as a Minotaur Fighter on May 17, 2020.
             Killed by divine providence
             ... invoked by an orc priest
              (16 damage)
             ... on level 4 of the Dungeon.
             The game lasted 00:03:30 (1431 turns).

funkygono the Covered (Minotaur Fighter)            Turns: 1431, Time: 00:03:31

Health: -4/47      AC:  7    Str: 22    XL:     5   Next: 61%
Magic:  4/4        EV:  8    Int:  5    God:
Gold:   105        SH:  9    Dex:  9    Spells: 4/4 levels left

rFire    . . .     SeeInvis .   k - +2 whip (freeze)
rCold    . . .     Gourm    .   c - +0 kite shield
rNeg     . . .     Faith    .   b - +0 scale mail
rPois    .         Spirit   .   (helmet restricted)
rElec    .         Reflect  .   (no cloak)
rCorr    .         Harm     .   (no gloves)
MR       .....                  (no boots)
Stlth    ..........             (no amulet)
HPRegen  0.15/turn              (no ring)
MPRegen  0.09/turn              (no ring)

@: no status effects
A: retaliatory headbutt, horns 2
a: no special abilities


You were on level 4 of the Dungeon.
You were not hungry.

You visited 1 branch of the dungeon, and saw 3 of its levels.

You collected 105 gold pieces.

Inventory:

Hand Weapons
 a - a +0 flail
 k - a +2 whip of freezing (weapon)
Missiles
 l - 31 stones (quivered)
Armour
 b - a +0 scale mail (worn)
 c - a +0 kite shield (worn)
Wands
 j - a wand of acid (7)
Scrolls
 i - 2 scrolls of fear
Potions
 d - 2 potions of might
 e - a potion of heal wounds {unknown}
 g - a potion of curing {unknown}
 h - a potion of brilliance
 n - a potion of stabbing {unknown}
Comestibles
 f - 2 rations
 m - 10 chunks of flesh


   Skills:
 + Level 4.6 Fighting
 + Level 4.7 Maces & Flails
 + Level 4.8 Armour
 + Level 1.2 Dodging
 + Level 4.5 Shields


You had 4 spell levels left.
You didn't know any spells.
Your spell library was empty.

Dungeon Overview and Level Annotations

Branches:
Dungeon (2/15)

Altars:


Innate Abilities, Weirdness & Mutations

You reflexively headbutt those who attack you in melee.
You have a pair of horns on your head.


Message History

The orc priest is moderately wounded.
The orc priest hits you but does no damage.
The orc barely misses you.
You hit the orc priest. You freeze the orc priest.
The orc priest is heavily wounded.
You block the orc's attack. The orc priest barely misses you.
You furiously retaliate!
You headbutt the orc priest, but do no damage.
The orc wizard points at you and mumbles some strange words.
The magic dart hits you but does no damage.
You block the orc's attack.
You hit the orc priest but do no damage.
You headbutt the orc priest.
The orc priest is heavily wounded.
The orc hits you.
The orc wizard hits you with a +0 dagger.
* * * LOW HITPOINT WARNING * * *
The orc priest mumbles some strange prayers to Beogh against you.
Beogh smites you!
You die...

##...## #.....#
#....########
#....##.....##
#............#
#............#
#............#
#######..##.).#### ###
##...####'##.o@####...#
#.....#......ooo.......
#.....#.......l........
#.....'................
#.....##.รท.########...#
#.....##...# ..#
#............. .
#...............
#................


You could see an orc priest, an orc wizard, 2 orcs and a leopard gecko.

Vanquished Creatures
  A howler monkey (D:4)
  An orc priest (D:4)
  Ijyb (D:2)
  2 worker ants (D:4)
  An adder (D:2)
  An ooze (D:1)
  2 worms (D:4)
  A dart slug (D:2)
  3 leopard geckos (D:2)
  4 giant cockroaches
  14 goblins
  3 hobgoblins
  4 kobolds
  7 bats
  4 frilled lizards
  6 rats
55 creatures vanquished.

Notes
Turn   | Place    | Note
-------+----------+-------------------------------------------
     0 | D:1      | funkygono the Minotaur Fighter began the quest for the Orb.
     0 | D:1      | Reached XP level 1. HP: 19/19 MP: 0/0
   149 | D:1      | Reached XP level 2. HP: 24/27 MP: 1/1
   524 | D:2      | Reached XP level 3. HP: 31/33 MP: 2/2
   727 | D:2      | Noticed Ijyb
   757 | D:2      | Killed Ijyb
   757 | D:2      | Reached XP level 4. HP: 13/41 MP: 3/3
  1311 | D:2      | You fall into a shaft and drop 2 floors!
  1322 | D:4      | Reached skill level 1 in Dodging
  1327 | D:4      | Reached XP level 5. HP: 40/47 MP: 4/4
  1431 | D:4      | Killed from afar by an orc priest

Illustrated notes

Levels and vault maps discovered:
D:1:      onia_arrival_mini_spirals, layout_rooms
D:2:      kennysheep_the_goblin_king, layout_loops_corners, marbit_many_paths,
          wad_floor_pattern_1, minmay_tiny_reverse_x
D:4:      layout_gridville, feat_on_display, uniq_natasha, uniq_grinder

Skill      XL: |  1  2  3  4 |
---------------+-------------+-----
Shields        | 4 |  4.5
Armour         | 4 |  4.8
Fighting       | 4 |  4.6
Maces & Flails | 3 4 |  4.7
Dodging        | 1 |  1.2

Action                   |  1- 3 |  4- 6 || total
-------------------------+-------+-------++-------
Melee: Flail             |    27 |       ||    27
       Headbutt          |    17 |    11 ||    28
       Whip              |    67 |    67 ||   134
  Use: Scroll            |     4 |       ||     4
  Eat: Chunk             |       |     2 ||     2
Armor: Scale mail        |    38 |    12 ||    50
Dodge: Dodged            |    32 |    24 ||    56
Block: Kite shield       |    32 |    27 ||    59

Table legend:
 A = Non-vault XP
 B = Vault XP
 C = Vault XP percentage of total XP
 D = Non-vault monster count
 E = Vault monster count
 F = Vault count percentage of total count
                 A         B        C        D         E       F
            +---------+---------+-------+---------+---------+-------
      Total |     261 |      48 |  15.5 |      48 |       7 |  12.7
            +---------+---------+-------+---------+---------+-------
        D:1 |      33 |       0 |   0.0 |      20 |       0 |   0.0
        D:2 |      56 |      48 |  46.2 |      22 |       7 |  24.1
        D:4 |     172 |       0 |   0.0 |       6 |       0 |   0.0
            +---------+---------+-------+---------+---------+-------
